 Dungeon Crawl Stone Soup version 0.19.5 (webtiles) character file.

1318 McKennaii the Cleaver (level 8, -7/72 HPs)
             Began as a Minotaur Chaos Knight on May 1, 2017.
             Mangled by Aleruyeri's ghost (13 damage)
             ... on level 5 of the Dungeon.
             The game lasted 00:15:24 (4055 turns).

McKennaii the Cleaver (Minotaur Chaos Knight)       Turns: 4055, Time: 00:15:24

Health: -7/72      AC: 14    Str: 19    XL:     8   Next: 33%
Magic:  7/7        EV:  6    Int:  9    God:    Xom [.*....]
Gold:   221        SH:  0    Dex: 12    Spells: 0 memorised, 7 levels left

rFire  . . .     SeeInvis +     a - +0 hand axe (chaos)
rCold  . . .     Gourm    .     o - +0 plate armour
rNeg   . . .     Faith    .     (no shield)
rPois  .         Spirit   .     (helmet restricted)
rElec  .         Reflect  .     (no cloak)
rCorr  .         Harm     .     E - +0 pair of gloves
MR     .....     Clarity  +     (no boots)
Stlth  ..........               f - amulet of magic regeneration
                                (no ring)
                                g - ring of stealth

@: about to teleport, drained
A: retaliatory headbutt, horns 2, rugged brown scales 1, see invisible, clarity,
strong 1
a: Renounce Religion


You were on level 5 of the Dungeon.
You worshipped Xom.
You were a plaything of Xom.
You were not hungry.

You visited 1 branch of the dungeon, and saw 5 of its levels.

You collected 221 gold pieces.

Inventory:

Hand Weapons
 a - a +0 hand axe of chaos (weapon)
Armour
 o - a +0 plate armour (worn)
 E - a +0 pair of gloves (worn)
Jewellery
 f - an amulet of magic regeneration (around neck)
 g - a ring of stealth (left hand)
Wands
 w - a wand of teleportation (3/9)
Scrolls
 e - a scroll of magic mapping {unknown}
 i - a scroll of remove curse {unknown}
 k - 3 scrolls of amnesia {unknown}
 m - 5 scrolls of identify
 n - 2 scrolls of teleportation
 q - a scroll of recharging {unknown}
 s - 2 scrolls of noise {unknown}
 t - a scroll of blinking {unknown}
 v - a scroll of enchant armour {unknown}
 y - a scroll of immolation {unknown}
Potions
 b - a potion of mutation {unknown}
 d - a potion of curing {unknown}
 h - 2 potions of degeneration {unknown}
 j - a potion of berserk rage {unknown}
 p - 2 potions of haste {unknown}
 r - a potion of ambrosia {unknown}
 x - a potion of flight {unknown}
 z - a potion of brilliance {unknown}
 A - 2 potions of lignification {unknown}
 B - a potion of invisibility {unknown}
 C - 2 potions of agility {unknown}
 D - 2 potions of resistance {unknown}
Books
 F - a book of Callings

   Spells                             Type                      Level
   a - Summon Small Mammal            Summoning                    1
   b - Call Imp                       Summoning                    2
   c - Call Canine Familiar           Summoning                    3
   d - Summon Guardian Golem          Hexes/Summoning              3
   e - Summon Lightning Spire         Summoning/Air                4
   f - Summon Ice Beast               Ice/Summoning                4
Comestibles
 c - 3 bread rations
 l - 8 fruits
 u - 2 slices of pizza
 G - 2 chunks of flesh
 H - 2 beef jerkies


   Skills:
 + Level 6.3(6.1) Fighting
 + Level 8.3(8.1) Axes
 + Level 6.1(5.9) Armour
 + Level 2.2(2.0) Dodging
 + Level 3.8(3.6) Stealth


You had 7 spell levels left.
You didn't know any spells.

Dungeon Overview and Level Annotations

Branches:
Dungeon (5/15)
 Temple: D:4-7

Altars:

Annotations:
D:3 1 runed door
D:5 Aleruyeri's ghost, amateur FeBe


Innate Abilities, Weirdness & Mutations

You reflexively headbutt those who attack you in melee.
You have a pair of horns on your head.
You are partially covered in rugged brown scales. (AC +1, +3% HP)
You have supernaturally acute eyesight. (SInv)
You possess an exceptional clarity of mind.
Your muscles are strong. (Str +2)


Message History

You miss Aleruyeri's ghost. The hound bites you but does no damage.
Aleruyeri's ghost hits you! The hound bites you.
You hit the hound.
The hound is almost dead.
You miss Aleruyeri's ghost. Aleruyeri's ghost hits you!
The hound bites you but does no damage.
You strike the helpless hound from behind!
You slash the hound!
There is a sudden explosion of sparks!
You kill the hound!
You closely miss Aleruyeri's ghost. Aleruyeri's ghost hits you.
Aleruyeri's ghost hits you.
* * * LOW HITPOINT WARNING * * *
Aleruyeri's ghost hits you!
* * * LOW HITPOINT WARNING * * *
Aleruyeri's ghost hits you!
* * * LOW HITPOINT WARNING * * *
As you read the scroll of teleportation, it crumbles to dust.
You feel strangely unstable. Aleruyeri's ghost hits you!
You die...
Xom guffaws!

#....##........
#....##........
##....##........
#######...............
..........#.##..####.#
## ####.####.#..#..#
#.. .. ..##.##.#...
#.# ## #.##W# .#)>..
#.# #.#.##@# ...###
#.# #.#.##.# #.#
#.######.#.##.#
####.#...........#
#.#.........#.####
#.##.#.####.#.#
#.##.#.####.#.#
#.##[#........#
.....#.####.###


You could see Aleruyeri's ghost.

Vanquished Creatures
  The ghost of Aleruyeri the Slasher, a novice GrBe of Trog (D:4)
  The ghost of grerr the Insei, an amateur MfTm of Lugonu (D:3)
  A hippogriff (shapeshifter) (D:5)
  2 howler monkeys
  A bullfrog zombie (D:4)
  4 hounds
  3 orc priests (D:4)
  2 iguanas (D:5)
  3 orc wizards
  A worker ant (D:3)
  A hound skeleton (D:4)
  2 worker ant zombies
  2 gnolls (D:3)
  6 adders
  A shadow imp (D:5)
  An ooze (D:2)
  3 adder zombies
  2 adder skeletons
  4 worms
  2 dart slugs (D:1)
  2 leopard geckos
  16 orcs
  4 bats
  4 giant cockroaches
  6 goblins
  8 hobgoblins
  3 jackals (D:5)
  3 quokkas (D:3)
  3 frilled lizards
  A giant cockroach zombie (D:3)
  5 kobolds
  2 quokka skeletons
  A quokka zombie (D:3)
  5 rats (D:2)
106 creatures vanquished.

Vanquished Creatures (collateral kills)
  2 gnolls (D:3)
2 creatures vanquished.

Grand Total: 108 creatures vanquished

Notes
Turn   | Place    | Note
-------+----------+-------------------------------------------
     0 | D:1      | McKennaii the Minotaur Chaos Knight began the quest for the Orb.
     0 | D:1      | Reached XP level 1. HP: 19/19 MP: 0/0
    25 | D:1      | Reached XP level 2. HP: 19/27 MP: 1/1
   144 | D:1      | Reached skill level 4 in Axes
   413 | D:1      | XOM: divination: detect items
   436 | D:2      | XOM: divination: detect creatures
   546 | D:2      | Reached XP level 3. HP: 32/34 MP: 2/2
  1122 | D:3      | Noticed grerr's ghost (amateur MfTm)
  1132 | D:3      | XOM: smoke on damage
  1142 | D:3      | Killed grerr's ghost
  1142 | D:3      | Reached skill level 5 in Fighting
  1142 | D:3      | Reached skill level 6 in Axes
  1142 | D:3      | Reached XP level 4. HP: 22/42 MP: 3/3
  1142 | D:3      | Reached XP level 5. HP: 25/48 MP: 4/4
  1323 | D:3      | XOM: cast spell 'Discord'
  1328 | D:3      | XOM: enchant monster (good)
  1338 | D:3      | Reached XP level 6. HP: 38/56 MP: 5/5
  1422 | D:3      | Reached skill level 1 in Stealth
  1822 | D:3      | Found a runed door.
  2000 | D:4      | XOM: smoke on damage
  2005 | D:4      | Reached skill level 7 in Axes
  2005 | D:4      | Reached XP level 7. HP: 43/61 MP: 6/6
  2254 | D:4      | XOM: give mutations
  2254 | D:4      | Gained mutation: You are partially covered in rugged brown scales. (AC +1, +3% HP) [Xom's grace]
  2254 | D:4      | Gained mutation: You have supernaturally acute eyesight. (SInv) [Xom's grace]
  2365 | D:4      | Noticed a steam dragon
  2365 | D:4      | a scorpion changed into a steam dragon
  2365 | D:4      | XOM: polymorph scorpion -> steam dragon
  2382 | D:4      | XOM: confuse monster(s)
  2389 | D:4      | XOM: confuse monster(s)
  2505 | D:4      | Noticed Aleruyeri's ghost (novice GrBe)
  2622 | D:4      | XOM: scenery: 1 doors close
  2626 | D:4      | XOM: give mutations
  2626 | D:4      | Gained mutation: Your muscles are strong. (Str +2) [Xom's grace]
  2626 | D:4      | Gained mutation: You possess an exceptional clarity of mind. [Xom's grace]
  2637 | D:4      | Killed Aleruyeri's ghost
  2637 | D:4      | Reached skill level 5 in Armour
  2959 | D:4      | XOM: cloud trail
  3233 | D:4      | XOM: enchant monster (good)
  3247 | D:5      | Entered Level 5 of the Dungeon
  3357 | D:5      | XOM: cloud trail
  3388 | D:5      | XOM: enchant monster (good)
  3437 | D:5      | Killed a hippogriff
  3437 | D:5      | Reached skill level 8 in Axes
  3437 | D:5      | Reached XP level 8. HP: 18/72 MP: 7/7
  3491 | D:5      | XOM: 4-stop teleportation journey
  3507 | D:5      | Noticed Aleruyeri's ghost (amateur FeBe)
  3507 | D:5      | XOM: enchant monster (good)
  3523 | D:5      | XOM: summons friendly iron imp
  3779 | D:5      | XOM: scenery: 1 doors close
  3786 | D:5      | XOM: confuse monster(s)
  3791 | D:5      | XOM: snakes to sticks
  3803 | D:5      | XOM: 1-stop teleportation journey
  3834 | D:5      | XOM: summons 4 hostile shadow creatures
  3953 | D:5      | XOM: harmless Ice miscast
  4011 | D:5      | XOM: noise
  4055 | D:5      | Mangled by Aleruyeri's ghost

Skill      XL: |  1  2  3  4  5  6  7  8 |
---------------+-------------------------+-----
Fighting       | 4 5 6 |  6.3
Axes           | 4 6 7 8 |  8.3
Armour         | 3 4 5 6 |  6.1
Dodging        | 2 |  2.2
Stealth        | 1 3 |  3.8

Action                   |  1- 3 |  4- 6 |  7- 9 || total
-------------------------+-------+-------+-------++-------
Melee: Hand axe          |    87 |   116 |   194 ||   397
       Headbutt          |    12 |    12 |    43 ||    67
  Use: Scroll            |       |       |     4 ||     4
 Stab: Paralysed         |       |     7 |     6 ||    13
       Confused          |       |     3 |     7 ||    10
       Petrified         |       |       |     1 ||     1
       Petrifying        |       |       |     1 ||     1
  Eat: Chunk             |     1 |     2 |     7 ||    10
Armor: Leather armour    |    13 |       |       ||    13
       Plate armour      |    19 |    85 |   110 ||   214
Dodge: Dodged            |    28 |    40 |    57 ||   125
